 Dungeon Crawl Stone Soup version 0.20-a0-277-g7db01f4 (webtiles) character file.

252 esc the Cudgeler (level 6, -7/59 HPs)
             Began as an Ogre Arcane Marksman on Dec 11, 2016.
             Was an Initiate of Elyvilon.
             Mangled by mopl's ghost (8 damage)
             ... on level 3 of the Dungeon.
             The game lasted 00:14:39 (5493 turns).

esc the Cudgeler (Ogre Arcane Marksman)             Turns: 5493, Time: 00:14:40

Health: -7/59      AC:  3    Str: 19    XL:     6   Next: 14%
Magic:  9/9        EV: 10    Int: 12    God:    Elyvilon [......]
Gold:   134        SH:  0    Dex:  9    Spells: 6/9 levels left

rFire  . . .     SeeInvis .     h - +0 club
rCold  . . .     Gourm    .     a - +0 robe
rNeg   . . .     Faith    .     (no shield)
rPois  .         Spirit   .     (helmet restricted)
rElec  .         Reflect  .     (no cloak)
rCorr  .         Harm     .     (gloves unavailable)
MR     .....                    (boots unavailable)
Stlth  +.........               (no amulet)
                                (no ring)
                                (no ring)

@: no status effects
A: unfitting armour, tough skin 1
a: Renounce Religion


You were on level 3 of the Dungeon.
You worshipped Elyvilon.
Elyvilon was noncommittal.
You were not hungry.

You visited 1 branch of the dungeon, and saw 3 of its levels.

You collected 134 gold pieces.

Inventory:

Hand Weapons
 h - a +0 club (weapon)
   (You took it off a hobgoblin on level 1 of the Dungeon)
Missiles
 d - 2 throwing nets {=f, !d}
 l - 125 stones (quivered)
Armour
 a - a +0 robe (worn)
 s - a +0 leather armour of magic resistance
   (You found it on level 1 of the Dungeon)
Scrolls
 g - a scroll of random uselessness {unknown}
 j - a scroll of remove curse
 m - a scroll of amnesia {unknown}
 n - a scroll of identify {unknown}
 o - 2 scrolls of noise {unknown}
 p - 2 scrolls of teleportation {unknown}
 q - a scroll of fog {unknown}
Potions
 e - 3 potions of curing
 i - 2 potions of resistance {unknown}
 k - a potion of invisibility {unknown}
 r - 2 potions of flight {unknown}
 t - a potion of ambrosia
Books
 b - a book of Debilitation
Comestibles
 c - 4 chunks of flesh {@w0}
 f - a bread ration {@e1}


   Skills:
 - Level 2.5 Fighting
 + Level 6.1 Maces & Flails
 - Level 2.4 Throwing
 - Level 2.1 Dodging
 - Level 2.0 Spellcasting
 - Level 2.4 Hexes


You had 6 spell levels left.
You knew the following spells:

 Your Spells              Type           Power        Failure   Level  Hunger
s - Slow                  Hex            #.......     17%         2    ###....
v - Corona                Hex            #......      12%         1    ##.....


Dungeon Overview and Level Annotations

Branches:
Dungeon (3/15)

Altars:
Elyvilon
Qazlal
Vehumet
Zin

Annotations:
D:3 mopl's ghost, amateur DEAs


Innate Abilities, Weirdness & Mutations

You are too large for most types of armour.
You have tough skin. (AC +1)


Message History

You throw a throwing net {=f, !d}.
The throwing net {=f, !d} closely misses mopl's ghost.
You feel sick. Mopl's ghost hits you.
You are more poisoned.
A bat comes into view.
You take 2 damage, and have 32/59 hp.
You feel sick.
You take 1 damage, and have 31/59 hp.
You feel sick.
It was a potion of curing.
You feel better. Mopl's ghost hits you!
Found a radiant altar of Vehumet.
The bat hits you but does no damage. x2
An adder skeleton comes into view.
The bat hits you but does no damage. The bat hits you but does no damage.
The bat closely misses you. The bat hits you but does no damage.
The bat hits you.
You take 1 damage, and have 31/59 hp.
The bat barely misses you. The bat barely misses you.
The bat completely misses you. The bat hits you but does no damage.
You see here a bat corpse.
The bat barely misses you.
You see here a large rock {!d}.
u - a large rock {!d} The bat hits you.
You take 1 damage, and have 31/59 hp.
The bat hits you.
You take 1 damage, and have 30/59 hp.
The bat closely misses you.
You see here 2 large rocks {!d}.
u - 3 large rocks {!d} (gained 2)
The bat closely misses you. The bat closely misses you.
You see here 2 throwing nets {=f, !d}.
d - 2 throwing nets {=f, !d} The bat hits you but does no damage.
The bat barely misses you. The bat misses you. The bat closely misses you.
The bat barely misses you.
You miss the bat. The bat hits you but does no damage.
You closely miss the bat. The bat closely misses you.
The bat barely misses you.
You closely miss the bat. The bat hits you.
The bat hits you but does no damage.
You take 1 damage, and have 31/59 hp.
You barely miss the bat. The bat hits you but does no damage. x2
You hit the bat but do no damage. The bat hits you but does no damage.
You hit the bat. The bat closely misses you. x2
You miss the bat. The bat hits you but does no damage. The bat hits you.
You take 1 damage, and have 31/59 hp.
You hit the bat.
You kill the bat!
Quiver which item? (- for none, * to show all) (? for menu, Esc to quit)
Quivering
u - 3 large rocks {!d} for throwing.
Aim: mopl's ghost, wielding a weapon of chaos (moderately damaged)
You throw a large rock {!d}.
The large rock {!d} closely misses mopl's ghost.
The large rock {!d} closely misses the adder skeleton.
Mopl's ghost hits you! Mopl's ghost hits you.
* * * LOW HITPOINT WARNING * * *
Mopl's ghost burns you.
* * * LOW HITPOINT WARNING * * *
You take 16 damage, and have 15/59 hp.
MASSIVE DAMAGE!!
Aim: mopl's ghost, wielding a weapon of chaos (moderately damaged)
You throw a large rock {!d}.
The large rock {!d} closely misses mopl's ghost.
The large rock {!d} hits the adder skeleton!!
You destroy the adder skeleton!
Mopl's ghost hits you.
* * * LOW HITPOINT WARNING * * *
You take 4 damage, and have 11/59 hp.
Okay, then.
Okay, then.
Aim: mopl's ghost, wielding a weapon of chaos (moderately damaged)
You throw a large rock {!d}.
The large rock {!d} barely misses mopl's ghost.
Mopl's ghost hits you!
* * * LOW HITPOINT WARNING * * *
Mopl's ghost freezes you. Elyvilon protects you from harm!
Mopl's ghost hits you but does no damage.
You take 7 damage, and have 4/59 hp.
Unknown command.
A dart slug comes into view.
A goblin comes into view.
The bat hits you.
* * * LOW HITPOINT WARNING * * *
Mopl's ghost hits you.
* * * LOW HITPOINT WARNING * * *
You take 4 damage, and have 1/59 hp.
Okay, then.
The goblin shouts!
The bat hits you but does no damage.
As you read the scroll labeled GUILEMI YMMIJ, it crumbles to dust.
You feel blessed for a moment.
It was a scroll of remove curse.
The bat hits you.
* * * LOW HITPOINT WARNING * * *
Mopl's ghost hits you!
You die...

.# #.###..##.......##...# .#
#.#...###..........### .#
#.#.#####.^......### .
.###.#)#...........## ..
.##................# .#
.#...#.....<.....>.# .#
.....#.............# #.#
.....#.............###########..#
...........g..b.@................
.###.#.........W###.#########..##
. ......................(.†..(...
#.#.##......w.####...######.....
#.#.#..........# ###..# #...##
#.#..........######.#####...#
#..........##............##
#..........##.##........##
#..........# #..........#


You could see mopl's ghost, a dart slug, a goblin and a bat.

Vanquished Creatures
  A bullfrog (D:3)
  3 gnolls (D:3)
  6 adders
  An ooze (D:3)
  An adder skeleton (D:3)
  A worm (D:2)
  6 dart slugs
  A leopard gecko (D:1)
  2 ball pythons (D:3)
  4 giant cockroaches (D:1)
  5 goblins
  10 hobgoblins
  8 jackals
  3 quokkas
  12 bats
  5 frilled lizards
  7 kobolds
  7 rats
83 creatures vanquished.

Notes
Turn   | Place    | Note
-------+----------+-------------------------------------------
     0 | D:1      | esc the Ogre Arcane Marksman began the quest for the Orb.
     0 | D:1      | Reached XP level 1. HP: 19/19 MP: 2/2
     0 | D:1      | Upgraded the game from 0.20-a0-270-g8e735b6 to 0.20-a0-277-g7db01f4
   461 | D:1      | HP: 2/19 [hobgoblin (4)]
   470 | D:1      | HP: 3/28 [giant cockroach (1)]
   845 | D:1      | Reached skill level 2 in Dodging
   857 | D:1      | Reached XP level 2. HP: 14/28 MP: 3/3
  1238 | D:1      | Reached skill level 2 in Fighting
  1706 | D:1      | Reached XP level 3. HP: 35/35 MP: 5/5
  1984 | D:1      | Learned a level 2 spell: Slow
  2553 | D:1      | Reached skill level 2 in Spellcasting
  2945 | D:2      | Reached skill level 1 in Maces & Flails
  2953 | D:2      | Reached XP level 4. HP: 40/44 MP: 7/7
  3078 | D:2      | HP: 9/44 [goblin/club (4)]
  3296 | D:2      | Reached skill level 2 in Maces & Flails
  3299 | D:2      | HP: 8/44 [adder (4)]
  3453 | D:2      | Found a stormy altar of Qazlal.
  3575 | D:2      | Reached skill level 3 in Maces & Flails
  3952 | D:2      | Found a white marble altar of Elyvilon.
  4045 | D:2      | HP: 11/44 [worm (10)]
  4136 | D:2      | Became a worshipper of Elyvilon the Healer
  4406 | D:3      | Reached XP level 5. HP: 33/50 MP: 8/8
  4457 | D:3      | Reached skill level 4 in Maces & Flails
  4646 | D:3      | HP: 12/50 [bullfrog (4)]
  4649 | D:3      | Reached skill level 5 in Maces & Flails
  4960 | D:3      | Found a faded altar of an unknown god.
  5003 | D:3      | Reached XP level 6. HP: 23/59 MP: 9/9
  5369 | D:3      | Reached skill level 6 in Maces & Flails
  5430 | D:3      | Found a glowing silver altar of Zin.
  5435 | D:3      | Noticed mopl's ghost (amateur DEAs)
  5455 | D:3      | Found a radiant altar of Vehumet.
  5483 | D:3      | HP: 11/59 [mopl's ghost (5)]
  5484 | D:3      | HP: 4/59 [mopl's ghost (7)]
  5484 | D:3      | Elyvilon protects you from harm!
  5491 | D:3      | HP: 4/59 [bat (1)]
  5491 | D:3      | HP: 1/59 [mopl's ghost (3)]
  5493 | D:3      | Mangled by mopl's ghost

Vault maps used:
D:1:      minmay_arrival_arboretum_large, minmay_hedge_maze, minmay_statues_item
D:2:      elyvilon_altar_1, grunt_qazlal_sundering, first_bread
D:3:      lemuel_crystal_altar, grunt_temple_overflow_open,
          nicolae_ru_path_of_blood, chequers_ecumenical_altar_lobes,
          minmay_misc_feat_encased

Skill      XL: |  1  2  3  4  5  6 |
---------------+-------------------+-----
Dodging        | 2 |  2.1
Fighting       | 2 |  2.5
Spellcasting   | 2 |  2.0
Maces & Flails | 1 3 5 6 |  6.1
Throwing       | |  2.4
Hexes          | |  2.4

Action                   |  1- 3 |  4- 6 || total
-------------------------+-------+-------++-------
Melee: Unarmed           |    57 |       ||    57
       Club              |   167 |   251 ||   418
Throw: Large rock        |     4 |    17 ||    21
       Throwing net      |       |     2 ||     2
 Cast: Corona            |     5 |       ||     5
  Use: Potion            |     1 |     3 ||     4
       Scroll            |       |     1 ||     1
  Eat: Chunk             |     5 |     5 ||    10
       Bread ration      |     1 |     1 ||     2
Armor: Robe              |    67 |   101 ||   168
       Skin              |     2 |       ||     2
Dodge: Dodged            |   120 |   205 ||   325

Vault maps used:
D:1:      minmay_arrival_arboretum_large, minmay_hedge_maze, minmay_statues_item
D:2:      elyvilon_altar_1, grunt_qazlal_sundering, first_bread
D:3:      lemuel_crystal_altar, grunt_temple_overflow_open,
          nicolae_ru_path_of_blood, chequers_ecumenical_altar_lobes,
          minmay_misc_feat_encased

Table legend:
 A = Turns spent in this place as a percentage of turns spent in the entire game.
 B = Non-inter-level travel turns spent in this place as a percentage of non-inter-level travel turns spent in the entire game.
 C = Inter-level travel turns spent in this place as a percentage of turns spent in this place.
 D = Turns resting spent in this place as a percentage of non-inter-level travel turns spent in this place.
 E = Turns spent auto-exploring this place as a percentage of non-inter-level travel turns spent in this place.
 F = Non-inter-level travel turns spent in this place divided by the number of levels of this place that you've seen.
                   A       B       C       D       E      F
               +-------+-------+-------+-------+-------+----------------------
         Total | 100.0 | 100.0 |   0.2 |   6.0 |   5.3 | 413.3
       Dungeon | 100.0 | 100.0 |   0.2 |   6.0 |   5.3 | 413.3
               +-------+-------+-------+-------+-------+----------------------

Table legend:
 A = Kills in this place as a percentage of kills in entire the game.
 B = Kills by you in this place as a percentage of kills by you in the entire game.
 C = Kills by friends in this place as a percentage of kills by friends in the entire game.
 D = Other kills in this place as a percentage of other kills in the entire game.
 E = Experience gained in this place as a percentage of experience gained in the entire game.
 F = Experience gained in this place divided by the number of levels of this place that you have seen.
                   A       B       C       D       E      F
               +-------+-------+-------+-------+-------+----------------------
         Total | 100.0 | 100.0 |  -nan |  -nan | 100.0 | 120.3
       Dungeon | 100.0 | 100.0 |  -nan |  -nan | 100.0 | 120.3
               +-------+-------+-------+-------+-------+----------------------
